Map: Stasis LE

Players

IIIIllIIIIIl (Kas)

  • Race: Terran Terran
  • League: Grandmaster
  • Spawn Location: 11:00

Lambo - Winner!

  • Race: Zerg Zerg
  • League: Master
  • Spawn Location: 1:00

VOD

Have the link to the VOD?

Description

Time

  • Played on: Dec. 20, 2018, 1:48 p.m.
  • Length: 13:38
Show
View Real Time Build Order
Export as new Build Order

IIIIllIIIIIl Terran 

Build Orders: Gas First Reaper Expand, Liberator Opening, Mech 

Get SALT Encoding   

  12  0:02  SCV  
  13  0:14  SCV  
  14  0:19  Supply Depot  
  14  0:26  SCV  
  15  0:33  Refinery  
  15  0:40  SCV  
  16  0:45  Barracks  
  16  0:53  SCV  
  17  1:05  SCV  
  18  1:17  SCV  
  19  1:32  Orbital Command  
  19  1:33  Reaper  
  20  1:44  Command Center  
  20  1:55  Factory  
  20  1:58  SCV  
  21  2:07  Refinery  
  21  2:11  Barracks Reactor  
  21  2:12  SCV  
  22  2:20  Supply Depot  
  22  2:24  SCV  
  23  2:42  SCV  
  23  2:44  Starport  
  24  2:54  SCV, Hellion x2  
  29  2:58  Orbital Command  
  29  3:07  SCV  
  30  3:15  Hellion x2  
  35  3:22  SCV  
  35  3:23  Viking  
  35  3:25  SCV  
  38  3:34  Fusion Core  
  38  3:35  SCV  
  38  3:37  SCV  
  38  3:38  Liberator  
  40  3:44  Supply Depot  
  40  3:47  Barracks Tech Lab  
  40  3:50  SCV x2  
  42  4:01  Refinery  
  42  4:02  SCV  
  46  4:05  SCV  
  46  4:08  Supply Depot  
  47  4:14  SCV  
  48  4:18  SCV  
  49  4:26  SCV  
  49  4:30  SCV  
  55  4:32  Liberator  
  55  4:35  Supply Depot  
  55  4:36  Command Center  
  51  4:38  SCV  
  51  4:42  SCV  
  53  4:50  SCV, Advanced Ballistics  
  57  4:54  SCV  
  57  4:58  Supply Depot  
  57  4:59  Refinery  
  58  5:02  SCV  
  58  5:06  SCV  
  60  5:11  Hellion x2  
  64  5:15  SCV  
  64  5:18  Factory  
  64  5:20  Factory, Liberator  
  65  5:26  SCV  
  65  5:27  SCV  
  67  5:38  SCV, Hellion x2  
  67  5:39  SCV  
  76  5:49  Supply Depot, Orbital Command  
  76  5:50  SCV  
  76  5:51  SCV, Supply Depot  
  78  6:02  Factory Tech Lab  
  78  6:03  Factory Tech Lab  
  78  6:10  Armory  
  78  6:11  Armory  
  78  6:14  Orbital Command  
  78  6:15  SCV  
  78  6:17  SCV  
  80  6:20  Hellion x2  
  80  6:27  SCV  
  80  6:30  SCV  
  82  6:34  Hellion x2  
  82  6:36  Refinery  
  82  6:38  Refinery, Supply Depot  
  82  6:39  SCV  
  88  6:40  SCV  
  88  6:42  SCV  
  89  6:49  Liberator  
  89  6:51  SCV  
  89  6:52  SCV  
  89  6:54  Hellion x2, SCV, Infernal Pre-Igniter  
  92  7:01  Terran Vehicle Weapons Level 1, Terran Vehicle And Ship Armor Level 1  
  90  7:02  Siege Tank x2  
  90  7:03  SCV  
  90  7:04  SCV  
  90  7:07  Barracks Reactor  
  98  7:08  SCV  
  99  7:16  SCV x2  
  99  7:21  SCV  
  102  7:23  Command Center  
  102  7:28  SCV  
  103  7:30  Factory  
  103  7:32  SCV  
  103  7:33  Factory  
  103  7:34  Hellion x2  
  108  7:41  SCV  
  109  7:45  SCV  
  109  7:49  SCV  
  111  7:51  Siege Tank x2  
  111  7:53  SCV  
  111  7:57  Engineering Bay  
  111  7:58  Supply Depot  
  115  8:02  Liberator x2, Hellion  
  117  8:10  Supply Depot  
  117  8:11  Supply Depot  
  117  8:12  Supply Depot  
  117  8:16  Factory Tech Lab  
  117  8:18  Factory Reactor  
  117  8:19  SCV x2  
  125  8:21  SCV  
  125  8:22  Hellion  
  125  8:24  Missile Turret x3  
  124  8:29  Missile Turret  
  124  8:31  Thor  
  124  8:33  Thor  
  134  8:50  Liberator  
  134  8:55  Thor  
  134  8:56  Hellion x2  
  134  8:57  Hellion x2  
  134  9:01  Liberator  
  143  9:13  SCV x2  
  143  9:14  Planetary Fortress  
  143  9:15  Hellion  
  143  9:16  SCV, Hellion  
  146  9:20  Refinery  
  146  9:24  Refinery  
  152  9:31  Hellion x4  
  152  9:33  Terran Vehicle And Ship Armor Level 2  
  152  9:34  Terran Vehicle Weapons Level 2  
  152  9:36  Siege Tank  
  152  9:37  Siege Tank  
  160  9:52  Missile Turret, Hellion  
  164  9:53  Hellion  
  164  9:56  Missile Turret  
  164  9:57  Command Center  
  164  10:05  Supply Depot  
  164  10:06  Supply Depot  
  164  10:07  Viking x2, Hellion x2, Supply Depot  
  164  10:10  Supply Depot  
  172  10:26  Siege Tank, Smart Servos  
  174  10:31  Liberator x2  
  174  10:32  Barracks Reactor  
  174  10:34  Hellion x3  
  180  10:36  Factory, Siege Tank x2  
  180  10:37  Factory x2  
  186  10:58  Hellion x3  
  186  10:59  Hellion, Siege Tank  
  191  11:08  Siege Tank x2  
  191  11:19  Hellion x2  
  191  11:21  Hellion x2  
  179  11:40  Siege Tank  
  179  11:41  Viking x2  
  179  11:42  Refinery  
  165  11:56  Factory Tech Lab, Thor x2  
  165  11:59  Starport  
  177  12:01  Starport  
  177  12:06  Thor  
  177  12:07  Hellion x3  
  177  12:08  Hellion x2  
  193  12:09  Hellion  
  188  12:30  Viking x2  
  184  12:38  Thor  
  184  12:41  Thor x2  
  169  12:56  Hellion x4  
  174  13:02  Viking x2  
Show
View Real Time Build Order
Export as new Build Order

Lambo Zerg - Winner!

Build Orders: Hatch First, Brood Lord Corruptor, Muta Ling Bane 

Get SALT Encoding   

  12  0:01  Drone  
  13  0:13  Overlord  
  13  0:18  Drone  
  14  0:33  Drone x2  
  16  0:51  Hatchery  
  16  0:53  Drone  
  16  0:58  Drone  
  16  1:00  Drone  
  18  1:12  Extractor  
  18  1:16  Spawning Pool  
  16  1:19  Drone  
  16  1:23  Drone  
  18  1:29  Drone  
  19  1:40  Drone  
  20  1:52  Overlord  
  20  2:03  Queen x2  
  20  2:04  Zergling x4  
  26  2:11  Metabolic Boost  
  26  2:13  Drone  
  27  2:17  Drone  
  28  2:23  Drone  
  28  2:26  Drone  
  30  2:40  Hatchery  
  29  2:44  Drone  
  29  2:47  Drone  
  31  2:52  Queen  
  31  2:57  Overlord  
  33  3:00  Drone  
  33  3:02  Drone  
  35  3:06  Drone  
  36  3:15  Drone x2  
  36  3:16  Drone  
  36  3:17  Overlord  
  36  3:19  Drone  
  40  3:24  Baneling Nest  
  40  3:25  Drone  
  40  3:31  Queen  
  42  3:38  Zergling x6  
  45  3:46  Drone x5  
  50  3:52  Queen  
  52  3:56  Overlord  
  52  4:05  Overlord  
  52  4:06  Overlord  
  52  4:15  Drone x5  
  57  4:19  Drone  
  58  4:24  Drone x4  
  58  4:26  Overlord  
  58  4:28  Drone  
  58  4:30  Drone  
  64  4:32  Queen  
  64  4:35  Spore Crawler  
  65  4:42  Drone  
  65  4:44  Drone x2  
  68  4:45  Spore Crawler  
  68  4:51  Overlord  
  67  4:54  Queen, Extractor  
  67  4:56  Extractor, Drone x2  
  67  4:58  Drone x2  
  67  4:59  Drone x3  
  74  5:03  Lair  
  74  5:10  Overlord  
  74  5:11  Drone x2  
  74  5:12  Drone x2  
  74  5:13  Queen  
  80  5:15  Spore Crawler  
  80  5:19  Drone  
  80  5:23  Overlord  
  80  5:25  Drone x2  
  82  5:29  Overlord  
  81  5:35  Drone x2  
  81  5:36  Evolution Chamber x2  
  81  5:39  Overlord  
  81  5:40  Drone x2  
  82  5:46  Extractor  
  82  5:47  Extractor, Drone x2  
  82  5:48  Overlord  
  82  5:50  Extractor  
  82  5:54  Drone  
  82  5:55  Drone x4  
  86  6:02  Zergling x4  
  88  6:04  Hydralisk Den  
  88  6:09  Zergling x2, Drone  
  89  6:17  Zergling x14  
  95  6:25  Spire  
  92  6:30  Drone x3  
  93  6:33  Zerg Missile Weapons Level 1, Zerg Melee Weapons Level 1  
  93  6:38  Queen  
  93  6:39  Drone x5  
  97  6:50  Drone x3  
  93  6:56  Zergling x14  
  93  6:57  Grooved Spines  
  93  7:11  Hatchery  
  93  7:12  Hydralisk x4  
  100  7:17  Centrifical Hooks  
  98  7:26  Drone  
  98  7:28  Drone  
  99  7:33  Drone x2  
  99  7:34  Drone x6  
  107  7:37  Infestation Pit  
  107  7:38  Mutalisk  
  107  7:39  Mutalisk  
  107  7:43  Mutalisk  
  112  7:58  Overlord  
  112  7:59  Overlord  
  112  8:01  Overlord  
  112  8:04  Overlord, Extractor  
  111  8:05  Overlord  
  111  8:09  Muscular Augments  
  111  8:11  Overlord, Extractor  
  110  8:15  Hive  
  110  8:17  Hydralisk x6  
  110  8:18  Hatchery  
  121  8:25  Hydralisk x3  
  121  8:26  Hydralisk  
  129  8:27  Drone x3  
  129  8:28  Drone x2  
  129  8:30  Drone  
  129  8:32  Zerg Missile Weapons Level 2  
  135  8:34  Zerg Melee Weapons Level 2  
  135  8:48  Drone x4  
  134  8:55  Hydralisk x8  
  134  8:59  Overlord  
  153  9:02  Drone x5  
  141  9:12  Overlord  
  141  9:14  Drone x4  
  141  9:15  Drone x4  
  147  9:30  Baneling  
  147  9:31  Baneling x10  
  147  9:38  Zergling x2  
  148  9:41  Greater Spire  
  148  9:48  Overlord, Zergling x2  
  148  9:49  Overlord  
  148  9:50  Pneumatized Carapace  
  149  10:05  Drone x6  
  155  10:08  Extractor x2  
  153  10:15  Corruptor x10  
  153  10:17  Viper  
  153  10:19  Spine Crawler  
  175  10:39  Zergling x18  
  181  10:53  Brood Lord x6  
  193  11:00  Brood Lord  
  194  11:07  Baneling x4  
  194  11:10  Corruptor  
  191  11:23  Corruptor x3  
  185  11:37  Corruptor x3  
  171  11:46  Corruptor x2  
  166  11:52  Drone x13  
  183  12:00  Corruptor x2  
  187  12:07  Overlord  
  187  12:15  Overlord  
  187  12:22  Corruptor x3  
  187  12:23  Corruptor  
  187  12:29  Extractor  
  194  12:32  Zergling x12  
  193  12:37  Hydralisk x4  
  193  12:38  Zergling x10  
  193  12:43  Hydralisk x6  
  190  12:51  Hydralisk x3  
  200  13:08  Hatchery  
  199  13:29  Hatchery  
Tags
 
Add a new tag
Caveats
  • Supply blocks, unpowered buildings, or Contaminate may cause inaccurate times.
  • Supply counts are checked every 10 seconds.